 Dungeon Crawl Stone Soup version 0.31.0-32-g396128a36d (webtiles) character file.

Game seed: 16067084084804258766

11071 PaiMei the Artisan of Death (level 11, -11/89 HPs)
             Began as a Demonspawn Necromancer on Apr 11, 2024.
             Was a Priest of Kikubaaqudgha.
             Killed by the air
             ... invoked by Gastronok
              (20 damage)
             ... on level 1 of the Lair of Beasts.
             The game lasted 00:22:53 (17401 turns).

PaiMei the Artisan of Death (DsNe)                 Turns: 17401, Time: 00:22:54

Health: -11/89     AC: 11    Str:  8    XL:     11   Next: 44%
Magic:  5/23       EV: 17    Int: 21    God:    Kikubaaqudgha [***...]
Gold:   620        SH:  4    Dex: 19    Spells: 5/27 levels left

rFire   . . .        v - +2 flail (protect)
rCold   . . .        F - +0 buckler
rNeg    . . .        M - +0 steam dragon scales
rPois   .            k - +0 helmet
rElec   .            h - +0 cloak
rCorr   .            H - +0 pair of gloves
SInv    .            (boots unavailable)
Will    +....        (no amulet)
Stlth   ++           r - ring of willpower
HPRegen 0.34/turn    m - +6 ring of dexterity
MPRegen 0.18/turn

%: no passive effects
@: studying Long Blades
A: hooves 3, thin metallic scales 2, demonic guardian 2, spiny 2
a: Renounce Religion, Unearth Wretches


You were on level 1 of the Lair of Beasts.
You worshipped Kikubaaqudgha.
Kikubaaqudgha was most pleased with you.
You visited 3 branches of the dungeon, and saw 12 of its levels.
You also visited: Sewer.

You collected 620 gold pieces.

Inventory:

Hand Weapons
 a - a +2 hand axe of electrocution
 v - a +2 flail of protection (weapon)
 C - a +3 spear of freezing
 N - a +1 spear of venom
Missiles
 u - 10 atropa-tipped darts (quivered)
 x - 17 poisoned darts
 Q - 2 curare-tipped darts
Armour
 h - a +0 cloak (worn)
 k - a +0 helmet (worn)
 F - a +0 buckler (worn)
 H - a +0 pair of gloves (worn)
 M - +0 steam dragon scales (worn)
Jewellery
 m - a +6 ring of dexterity (right hand)
 r - a ring of willpower (left hand)
 t - a ring of see invisible
Wands
 j - a wand of paralysis (21)
 y - a wand of acid (25)
 G - a wand of roots (12)
 L - a wand of digging (5)
Scrolls
 e - 2 scrolls of enchant weapon
 f - 2 scrolls of vulnerability {unknown}
 l - 5 scrolls of teleportation
 o - 6 scrolls of fog
 p - 5 scrolls of immolation
 s - 3 scrolls of revelation
 D - a scroll of blinking {unknown}
 E - a scroll of enchant armour {unknown}
 I - a scroll of silence {unknown}
Potions
 b - 3 potions of magic
 c - 3 potions of haste
 d - 4 potions of heal wounds
 g - 7 potions of curing {unknown}
 i - 3 potions of mutation
 n - 2 potions of might
 q - 2 potions of invisibility {unknown}
 w - 3 potions of brilliance
 z - 2 potions of berserk rage {unknown}
 A - a potion of lignification {unknown}
 J - a potion of ambrosia {unknown}


   Skills:
 + Level 9.1 Fighting
 + Level 8.6 Dodging
 - Level 2.0 Stealth
 + Level 8.7 Spellcasting
 + Level 11.0 Necromancy


You had 5 spell levels left.
You knew the following spells:

 Your Spells              Type           Power      Damage    Failure   Level
a - Necrotise             Necr           100%       1d9       1%          1
b - Vampiric Draining     Necr           53%        2d9       1%          3
c - Animate Dead          Necr           53%        N/A       1%          4
d - Curse of Agony        Necr           53%        N/A       3%          5
e - Dispel Undead         Necr           53%        3d19      1%          4
f - Borgnjor's Vile Clut  Necr/Erth      16%        N/A       34%         5

Your spell library contained the following spells:

 Spells                   Type           Power      Damage    Failure   Level
 Kiss of Death            Conj/Necr      100%       2d13      1%          1
 Fugue of the Fallen      Necr           53%        N/A       1%          3
 Magic Dart               Conj           36%        1d4       12%         1
 Blink                    Tloc           18%        N/A       19%         2
 Call Imp                 Summ           18%        N/A       19%         2
 Ensorcelled Hibernation  Hex/Ice        18%        N/A       19%         2
 Hailstorm                Conj/Ice       9%         3d6       34%         3
 Passwall                 Erth           9%         N/A       34%         3
 Summon Ice Beast         Ice/Summ       9%         N/A       34%         3
 Swiftness                Air            9%         N/A       34%         3
 Death Channel            Necr           26%        N/A       21%         6
 Sculpt Simulacrum        Ice/Alch       4%         N/A       100%        6


Dungeon Overview and Level Annotations

Branches:
Dungeon (10/15)            Temple (1/1) D:5            Lair (1/5) D:10
    Orc (0/2) D:10          Sewer (visited)

Altars:
Ashenzari
Cheibriados
Dithmenos
Fedhas
Gozag
Hepliaklqana
Kikubaaqudgha
Makhleb
Nemelex Xobeh
Okawaru
Qazlal
Ru
Sif Muna
Trog
Uskayaw
Vehumet
Wu Jian
Xom
Yredelemnul

Shops:
D:1 [   D:2 *   D:5 ?

Annotations:
D:4 1 runed translucent door, EvolutionX's ghost, amateur HOMo
Lair:1 Gastronok


Innate Abilities, Weirdness & Mutations

You have hooves in place of feet.
You are mostly covered in thin metallic scales. (AC +3)
A demonic guardian rushes to your aid.
You are mostly covered in sharp spines.


Message History

Press: ? - help, Shift-Dir - straight line, f/p - Gastronok
Aim: Gastronok, wearing a +2 hat of willpower (lightly wounded, chance to affect: 18%) Gastronok resists with almost no effort.
The river rat is struck by your spines.
You kill the river rat!
The river rat's corpse disappears in a puff of smoke!
The quokka is struck by your spines.
You kill the quokka!
The quokka's corpse disappears in a puff of smoke!
Casting: Curse of Agony (dangerous; 3% risk of failure)
Confirm with . or Enter, or press ? or * to list all spells.
Aiming: Curse of Agony (dangerous; 3% risk of failure)
Press: ? - help, Shift-Dir - straight line, f/p - Gastronok
Aim: Gastronok, wearing a +2 hat of willpower (lightly wounded, chance to affect: 18%) Gastronok resists with almost no effort.
Gastronok bites you!!
You thump Gastronok!
Your weapon exudes an aura of protection.
You kick Gastronok.
Gastronok is lightly wounded.
Gastronok is struck by your spines. Gastronok misses you.
You hit Gastronok. You kick Gastronok.
Gastronok is moderately wounded.
Casting: Curse of Agony (dangerous; 3% risk of failure)
Confirm with . or Enter, or press ? or * to list all spells.
Aiming: Curse of Agony (dangerous; 3% risk of failure)
Press: ? - help, Shift-Dir - straight line, f/p - Gastronok
Aim: Gastronok, wearing a +2 hat of willpower (moderately wounded, chance to affect: 18%) Gastronok resists with almost no effort.
Gastronok is struck by your spines. Gastronok bites you!!
* * * LOW HITPOINT WARNING * * *
A demonic guardian appears!
Your rust devil hits Gastronok!
Your rust devil corrodes Gastronok!
Your rust devil hits Gastronok.
Gastronok seems to be corroded for longer.
Gastronok waves his eye-stalks in wide circles.
The air twists around and strikes you!!
You die...
Gastronok gurgles, "About time.
I'm starving!"
Kikubaaqudgha rasps: "You have failed me!
Welcome... death!"

....... #.#.....# .......
#.##....# ...... #.##....#
#....#### ###.##....##
.##.....#. #..........# #
.PP......####..........# #
..........#............#####
..........#.#..........†...#
.##........@....###....##...
#.......#..#..# #....###..
##......#.##..# ##...##...
#.........#...# #...###..
####^....w##..####...###..
.#......4............##..
#........................
#........<............#.#.
#.....................###.


You could see Gastronok (corroded, ally target) and a friendly rust devil
(summoned).

Vanquished Creatures
  Fannar (D:10)
  A two-headed ogre (D:8)
  Maurice (D:8)
  An elephant (D:10)
  Maggie (D:8)
  3 kobold demonologists (D:10)
  A hornet (D:6)
  Grinder (D:6)
  Sigmund (D:6)
  A shadow (D:9)
  5 yaks (D:10)
  A wyvern (D:10)
  Grum (D:8)
  2 steam dragons
  8 water moccasins
  A swamp drake (D:10)
  4 orc warriors
  A sky beast (D:6)
  2 ice beasts (D:7)
  2 black bears
  4 wolves (D:8)
  4 ogres
  A centaur (D:10)
  2 phantoms (D:6)
  6 kobold brigands
  6 bullfrogs
  A gnoll sergeant (D:8)
  A scorpion (D:7)
  15 wights
  12 killer bees (D:9)
  A howler monkey (D:6)
  2 bombardier beetles (D:6)
  A jelly (D:5)
  4 orc priests
  4 hounds
  A sleepcap (D:6)
  2 iguanas
  11 orc wizards
  5 gnolls (D:8)
  7 adders
  A river rat (Sewer)
  A white imp (D:8)
  3 ribbon worms
  2 dart slugs
  41 orcs
  6 bats
  4 endoplasms
  4 giant cockroaches
  7 goblins
  7 hobgoblins
  3 jackals (D:3)
  4 quokkas
  14 ball pythons
  A frilled lizard (D:3)
  14 kobolds
  4 rats
245 creatures vanquished.

Vanquished Creatures (collateral kills)
  A yak (D:10)
  Edmund (D:6)
  An adder (D:6)
  A ribbon worm (D:3)
  A giant cockroach (D:6)
  2 hobgoblins
  A jackal (D:3)
  A kobold (D:3)
  2 rats
11 creatures vanquished.

Vanquished Creatures (others)
  A quokka (D:8)
1 creature vanquished.

Grand Total: 257 creatures vanquished

Notes
Turn   | Place    | Note
-------+----------+-------------------------------------------
     0 | D:1      | PaiMei the Demonspawn Necromancer began the quest for the
                  | Orb.
     0 | D:1      | Reached XP level 1. HP: 13/13 MP: 3/3
   109 | D:1      | Found Zyunog's Armour Boutique.
   236 | D:1      | Gained mutation: A weak demonic guardian rushes to your
                  | aid. [demonic ancestry]
   236 | D:1      | Reached XP level 2. HP: 18/19 MP: 0/5
   504 | D:1      | Found a faded altar of an unknown god.
  1252 | D:2      | Gained mutation: You have large cloven feet. [demonic
                  | ancestry]
  1252 | D:2      | Reached XP level 3. HP: 25/25 MP: 2/6
  1725 | D:2      | Found Zytzuce's Assorted Antiques.
  1895 | D:3      | Reached skill level 1 in Fighting
  2614 | D:3      | Gained mutation: You are partially covered in thin metallic
                  | scales. (AC +2) [demonic ancestry]
  2614 | D:3      | Reached XP level 4. HP: 25/32 MP: 0/7
  2971 | D:3      | Learned a level 3 spell: Vampiric Draining
  2988 | D:4      | Noticed a black bear
  2993 | D:4      | Killed a black bear
  2994 | D:4      | Reached skill level 5 in Necromancy
  2994 | D:4      | Reached XP level 5. HP: 37/38 MP: 1/9
  3169 | D:4      | Noticed EvolutionX's ghost (amateur HOMo)
  3184 | D:4      | Noticed an ogre
  3185 | D:4      | Found a runed translucent door.
  3190 | D:4      | Killed an ogre
  3585 | D:4      | Gained mutation: You have hoof-like feet. [demonic
                  | ancestry]
  3585 | D:4      | Reached XP level 6. HP: 46/46 MP: 5/11
  4218 | D:5      | Entered Level 5 of the Dungeon
  4510 | D:5      | Found a staircase to the Ecumenical Temple.
  4968 | D:5      | Noticed a water moccasin
  4973 | D:5      | Killed a water moccasin
  4974 | D:5      | Reached skill level 6 in Necromancy
  4974 | D:5      | Gained mutation: You have hooves in place of feet. [demonic
                  | ancestry]
  4974 | D:5      | Reached XP level 7. HP: 42/52 MP: 1/12
  5178 | D:5      | Found Quzuihan's Magic Scroll Shop.
  5293 | D:5      | Found a basalt altar of Yredelemnul.
  5784 | D:6      | Noticed a hornet
  5815 | D:6      | Noticed Sigmund
  5830 | D:6      | Killed Sigmund
  5981 | D:6      | Found a glowing drain.
  6051 | D:6      | Noticed a steam dragon
  6061 | D:6      | Killed a steam dragon
  6062 | D:6      | Gained mutation: You are partially covered in sharp spines.
                  | [demonic ancestry]
  6062 | D:6      | Reached XP level 8. HP: 60/60 MP: 0/15
  6142 | D:6      | Noticed Edmund
  6167 | D:6      | Killed Edmund
  6168 | D:6      | Reached skill level 5 in Spellcasting
  6168 | D:6      | Reached skill level 7 in Necromancy
  6221 | D:6      | HP: 3/61 [ogre/+0 giant club (22)]
  6223 | D:6      | Reached skill level 5 in Dodging
  6233 | Sewer    | Entered a sewer
  7274 | Sewer    | Reached skill level 5 in Fighting
  7983 | D:6      | Noticed Grinder
  8002 | D:6      | Killed Grinder
  8768 | D:6      | Gained mutation: You are mostly covered in sharp spines.
                  | [demonic ancestry]
  8768 | D:6      | Reached XP level 9. HP: 48/64 MP: 17/17
  9283 | D:6      | Reached skill level 8 in Necromancy
  9321 | Temple   | Entered the Ecumenical Temple
  9329 | Temple   | Became a worshipper of Kikubaaqudgha
  9749 | D:6      | Found a shimmering blue altar of Sif Muna.
  9863 | D:7      | Found an ornate altar of the Wu Jian Council.
 10777 | D:7      | Found a snail-covered altar of Cheibriados.
 10837 | D:7      | Found a sparkling altar of Nemelex Xobeh.
 10837 | D:7      | Found a bloodstained altar of Trog.
 10858 | D:7      | Found a broken altar of Ashenzari.
 10858 | D:7      | Found a hazy altar of Hepliaklqana.
 11136 | D:7      | Found a radiant altar of Vehumet.
 11513 | D:8      | Reached skill level 9 in Necromancy
 11516 | D:8      | Noticed Maurice
 11698 | D:8      | Noticed Maggie
 11699 | D:8      | Reached * piety under Kikubaaqudgha
 11699 | D:8      | Received a gift from Kikubaaqudgha
 11713 | D:8      | Killed Maggie
 11714 | D:8      | Gained mutation: You are mostly covered in thin metallic
                  | scales. (AC +3) [demonic ancestry]
 11714 | D:8      | Reached XP level 10. HP: 16/79 MP: 0/20
 11988 | D:8      | Found a shimmering altar of Xom.
 11992 | D:8      | Found a shimmering altar of Xom.
 12020 | D:8      | Noticed Grum
 12802 | D:8      | Killed Grum
 12997 | D:8      | Found a sacrificial altar of Ru.
 13155 | D:8      | Killed Maurice
 13292 | D:8      | Noticed a two-headed ogre
 13364 | D:8      | Killed a two-headed ogre
 13481 | D:8      | Found a shimmering altar of Xom.
 13703 | D:8      | Found a shimmering altar of Xom.
 13704 | D:8      | Found a shimmering altar of Xom.
 13918 | D:9      | Reached skill level 10 in Necromancy
 14222 | D:9      | Reached ** piety under Kikubaaqudgha
 14917 | D:9      | Found a hide-covered altar of Uskayaw.
 15086 | D:10     | Entered Level 10 of the Dungeon
 15117 | D:10     | Found a burning altar of Makhleb.
 15256 | D:10     | Noticed Fannar
 15267 | D:10     | Killed Fannar
 15268 | D:10     | Gained mutation: A demonic guardian rushes to your aid.
                  | [demonic ancestry]
 15268 | D:10     | Reached XP level 11. HP: 87/87 MP: 5/23
 15403 | D:10     | Found a staircase to the Lair.
 15467 | D:10     | Reached *** piety under Kikubaaqudgha
 15467 | D:10     | Received a gift from Kikubaaqudgha
 15616 | D:10     | Found a staircase to the Orcish Mines.
 16768 | D:10     | Learned a level 4 spell: Animate Dead
 16774 | D:10     | Learned a level 5 spell: Curse of Agony
 16779 | D:10     | Learned a level 4 spell: Dispel Undead
 16785 | D:10     | Learned a level 5 spell: Borgnjor's Vile Clutch
 16786 | Lair:1   | Entered Level 1 of the Lair of Beasts
 16894 | Lair:1   | Noticed Gastronok
 16929 | D:10     | Reached skill level 11 in Necromancy
 17401 | Lair:1   | Killed from afar by Gastronok

Illustrated notes

Levels and vault maps discovered:
D:1:      mushboom_english_gardens, layout_basic,
          chequers_ecumenical_altar_simple, serial_shops,
          nicolae_shop_rolling_square
D:2:      layout_basic, serial_shops, shop
D:3:      layout_rooms
D:4:      layout_basic, hellmonk_ghost_happy_afterlife, minmay_tree_intersection
D:5:      layout_rooms, nicolae_overflow_crystal_walls,
          minmay_temple_entry_arrows, serial_shops, kennysheep_mini_moat
D:6:      layout_loops_corners, lemuel_coloured_pillars_altar,
          hellmonk_sif_muna_bookshelves, gup_sewer_entry_glass, uniq_grinder,
          uniq_sigmund, uniq_edmund
D:7:      layout_loops_cross, pdpol_wu_jian_five_deadly_venoms,
          marbit_many_paths, grunt_temple_overflow_open, lemuel_flame_loot_1
D:8:      layout_basic, xom_shifter_show, mainiacjoe_overflow_surrounded_room,
          elyvilon_altar_4, uniq_maggie, uniq_grum, uniq_maurice
D:9:      layout_loops_cross, old_standard_altar
D:10:     layout_roguey, bloody_makhleb, lair_entry_dummy, erik_orc_1,
          grunt_decor_fettered, nicolae_twisting_strands, uniq_fannar
Temple:   nicolae_temple_little_seven
Lair:1:   layout_gridlike, st_stairs_9, nicolae_quartered_pool_super,
          beast_lair_carwin_4, uniq_amaemon, uniq_gastronok

Skill      XL: |  1  2  3  4  5  6  7  8  9 10 11 |
---------------+----------------------------------+-----
Stealth        | 2 |  2.0
Dodging        | 2 3 4 5 6 8 |  8.6
Fighting       | 1 2 3 4 5 7 8 9 |  9.1
Spellcasting   | 3 4 5 6 8 |  8.7
Necromancy     | 5 6 7 9 10 11 | 11.0

Action                     |  1- 3 |  4- 6 |  7- 9 | 10-12 || total
---------------------------+-------+-------+-------+-------++-------
  Melee: Short sword       |     6 |       |       |       ||     6
         Dagger            |     8 |    15 |    61 |       ||    84
         Kick              |       |     1 |    46 |    61 ||   108
         Flail             |       |       |    66 |   149 ||   215
   Cast: Necrotise         |    81 |    64 |    94 |    59 ||   298
         Vampiric Draining |       |    14 |    48 |    71 ||   133
         Curse of Agony    |       |       |       |     4 ||     4
    Use: Scroll            |       |       |       |     9 ||     9
   Stab: Sleeping          |       |       |     1 |     1 ||     2
         Distracted        |       |       |       |     1 ||     1
 Armour: Robe              |    19 |    24 |   105 |    31 ||   179
         Steam dragon scal |       |       |       |   126 ||   126
  Dodge: Dodged            |    26 |    12 |   110 |   185 ||   333
  Block: Buckler           |       |       |     3 |    56 ||    59
